 Dungeon Crawl Stone Soup version 0.17.1-1-g73c8601 (webtiles) character file.

34 zercules the Firebug (level 3, 0/24 HPs)
             Began as a Demonspawn Fire Elementalist on Mar 10, 2016.
             Was an Initiate of Cheibriados.
             Slain by an ooze (2 damage)
             ... on level 2 of the Dungeon.
             The game lasted 00:06:11 (1082 turns).

zercules the Firebug (Demonspawn Fire Elementalist) Turns: 1082, Time: 00:06:11

Health: 0/24       AC:  2    Str:  9    XL:     3   Next: 14%
Magic:  0/6        EV: 12    Int: 18    God:    Cheibriados [......]
Gold:   54         SH:  0    Dex: 16    Spells: 1 memorised, 5 levels left

rFire  . . .     SeeInvis .     m - +0 dagger
rCold  . . .     Clarity  .     a - +0 robe
rNeg   . . .     SustAt   .     (no shield)
rPois  .         Gourm    .     (helmet restricted)
rElec  .         Spirit   .     (no cloak)
rCorr  .         Warding  .     (no gloves)
rMut   .         Stasis   .     (no boots)
MR     .....                    (no amulet)
Stlth  ++........               (no ring)
                                (no ring)

@: short of breath, very slightly contaminated, very slow, not resistant to
hostile enchantments, unstealthy
A: antennae 2, agile 1, spit poison 1
a: Spit Poison, Bend Time, Renounce Religion


You were on level 2 of the Dungeon.
You worshipped Cheibriados.
Cheibriados was noncommittal.
You were hungry.

You visited 1 branch of the dungeon, and saw 2 of its levels.

You collected 54 gold pieces.

Inventory:

Hand Weapons
 m - a +0 dagger (weapon)
Armour
 a - a +0 robe (worn)
Jewellery
 e - an uncursed amulet of resist mutation
Scrolls
 h - a scroll of remove curse {unknown}
 j - a scroll of identify {unknown}
Potions
 f - a potion of curing {unknown}
 g - a potion of brilliance {unknown}
 i - a potion of flight {unknown}
Books
 b - a book of Flames

   Spells                             Type                      Level
   a - Flame Tongue                   Conjuration/Fire             1
   b - Throw Flame                    Conjuration/Fire             2
   c - Conjure Flame                  Conjuration/Fire             3
   d - Inner Flame                    Hexes/Fire                   3
   e - Sticky Flame                   Conjuration/Fire             4
   f - Fireball                       Conjuration/Fire             5
Comestibles
 c - 2 bread rations
 k - 3 fruits
 l - 3 chunks of flesh


   Skills:
 - Level 1.7 Dodging
 - Level 1.7 Stealth
 - Level 2.0 Spellcasting
 + Level 2.3 Conjurations
 + Level 3.3 Fire Magic


You had 5 spell levels left.
You knew the following spells:

 Your Spells              Type           Power        Failure   Level  Hunger
a - Flame Tongue          Conj/Fire      ##...        8%          1    #......


Dungeon Overview and Level Annotations

Branches:
Dungeon (2/15)

Altars:
Cheibriados


Innate Abilities, Weirdness & Mutations

You have a pair of antennae on your head.
You are agile. (Dex +2)
You can spit weak poison.


Message History

Press: ? - help, Shift-Dir - straight line, f/p - ooze
Aim: an ooze (moderately wounded)
The flame tongue hits the ooze.
The ooze is heavily wounded.
The ooze closely misses you.
You hit the ooze but do no damage.
The ooze is heavily wounded.
The ooze completely misses you.
Drink which item? (? for menu, Esc to quit)
It was a potion of mutation.
You feel extremely strange.
You feel agile.
The antennae on your head grow some more.
There is a nasty taste in your mouth for a moment.
The ooze misses you.
Press: ? - help, Shift-Dir - straight line, f/p - ooze
Aim: an ooze (heavily wounded)
The splash of poison hits the ooze.
The ooze completely resists.
The ooze is heavily wounded.
You feel slightly more hungry. The ooze hits you.
You die...

..##. ...$...#..
..## .........#
..##. .........
..##.# .......[#
..# ..####... #.#
.## ...#... ##)#
.######...# #K(#
......#..## ##J##
..........### #.@#
........#.#.###.##
.......##....##.#
.......##....##.#
..(....##....#..#
.......##......##
......####...###
####### #...#
##.##


You could see an ooze and a kobold.

Vanquished Creatures
  An adder (D:2)
  4 giant cockroaches (D:1)
  3 hobgoblins
  7 kobolds
  A giant newt (D:1)
  8 goblins
  A rat (D:2)
25 creatures vanquished.

Notes
Turn   | Place    | Note
--------------------------------------------------------------
     0 | D:1      | zercules the Demonspawn Fire Elementalist began the quest for the Orb.
     0 | D:1      | Reached XP level 1. HP: 13/13 MP: 3/3
     8 | D:1      | You fall through a shaft!
   145 | D:1      | Reached skill level 3 in Fire Magic
   146 | D:1      | Gained mutation: You have a pair of small antennae on your head. [demonic ancestry]
   146 | D:1      | Reached XP level 2. HP: 19/19 MP: 0/5
   321 | D:1      | Found a snail-covered altar of Cheibriados.
   338 | D:1      | Became a worshipper of Cheibriados the Contemplative
   923 | D:2      | Reached XP level 3. HP: 18/24 MP: 0/6
  1081 | D:2      | Gained mutation: You are agile. (Dex +2) [potion of mutation]
  1081 | D:2      | Gained mutation: You have a pair of antennae on your head. [potion of mutation]
  1081 | D:2      | Gained mutation: You can spit weak poison. [potion of mutation]
  1082 | D:2      | Slain by an ooze

Action                   || total
-------------------------++-------
Melee: Dagger            ||     8
       Unarmed           ||     4
 Cast: Flame Tongue      ||    47
 Abil: Spit Poison       ||     1
  Use: Potion            ||     1
  Eat: Chunk             ||     1
